 Dungeon Crawl Stone Soup version 0.18.1-47-g9310371 (webtiles) character file.

74 juanjsm the Sneak (level 4, 0/21 HPs)
             Began as a Spriggan Enchanter on June 18, 2016.
             Killed from afar by an orc wizard (9 damage)
             ... with a puff of flame
             ... on level 3 of the Dungeon.
             The game lasted 00:07:00 (1848 turns).

juanjsm the Sneak (Spriggan Enchanter)              Turns: 1848, Time: 00:07:01

Health: 0/21       AC:  3    Str:  4    XL:     4   Next: 10%
Magic:  0/9        EV: 19    Int: 16    God:
Gold:   89         SH:  0    Dex: 17    Spells: 2 memorised, 5 levels left

rFire  . . .     SeeInvis +     a - +1 dagger
rCold  . . .     Gourm    .     b - +1 robe
rNeg   . . .     Faith    .     (shield restricted)
rPois  .         Spirit   .     (helmet restricted)
rElec  .         Dismiss  .     (no cloak)
rCorr  .         Reflect  .     (gloves unavailable)
SustAt .         Harm     .     (boots unavailable)
MR     .....                    n - amulet of inaccuracy (curse)
Stlth  ++++......               (no ring)
                                (no ring)

@: very slightly contaminated, very quick, not resistant to hostile
enchantments, stealthy
A: unfitting armour, see invisible, herbivore 3, speed 3, slow metabolism 2
a: no special abilities


You were on level 3 of the Dungeon.
You were not hungry.

You visited 1 branch of the dungeon, and saw 4 of its levels.

You collected 89 gold pieces.

Inventory:

Hand Weapons
 a - a +1 dagger (weapon)
Missiles
 e - 6 poisoned needles
Armour
 b - a +1 robe (worn)
Jewellery
 n - a cursed amulet of inaccuracy (around neck)
 q - a +4 ring of strength {unknown}
Scrolls
 f - 2 scrolls of identify {unknown}
 g - a scroll of magic mapping {unknown}
 i - a scroll of immolation {unknown}
 j - 2 scrolls of random uselessness {unknown}
 k - a scroll of fear {unknown}
 l - a scroll of blinking {unknown}
 m - a scroll of noise {unknown}
 o - a scroll of enchant weapon {unknown}
 p - a scroll of teleportation {unknown}
 r - a scroll of remove curse {unknown}
Potions
 h - 2 potions of brilliance {unknown}
Books
 c - a book of Maledictions

   Spells                             Type                      Level
   a - Corona                         Hexes                        1
   b - Ensorcelled Hibernation        Hexes/Ice                    2
   c - Confuse                        Hexes                        3
   d - Tukima's Dance                 Hexes                        3
   e - Dazzling Spray                 Conjuration/Hexes            3
Comestibles
 d - 2 bread rations


   Skills:
 * Level 1.8 Short Blades
 + Level 3.4 Dodging
 * Level 6.4 Stealth
 + Level 2.9 Spellcasting
 + Level 4.1 Hexes


You had 5 spell levels left.
You knew the following spells:

 Your Spells              Type           Power        Failure   Level  Hunger
a - Corona                Hex            ###....      4%          1    #......
b - Ensorcelled Hibernat  Hex/Ice        #.....       14%         2    ##.....


Dungeon Overview and Level Annotations

Branches:
Dungeon (4/15)
 Temple: D:4-7

Altars:
Xom
Zin


Innate Abilities, Weirdness & Mutations

You are tiny and cannot use many weapons and most armour.
You have supernaturally acute eyesight.
You are a herbivore.
You cover ground extremely quickly.
You need consume almost no food.


Message History

The orc wizard is moderately wounded.
The orc wizard barely misses you.
You hit the orc wizard but do no damage.
The orc wizard is moderately wounded.
The orc wizard closely misses you.
You hit the orc wizard but do no damage.
The orc wizard is moderately wounded.
The orc wizard casts a spell.
The orc wizard flickers and vanishes for a moment.
The orc wizard hits you but does no damage.
You hit the orc wizard.
The orc wizard is heavily wounded.
The orc wizard points at you and mumbles some strange words.
The magic dart hits you!
You hit the orc wizard.
The orc wizard is heavily wounded.
The orc wizard barely misses you.
The orc wizard points at you and mumbles some strange words.
The puff of flame hits you!
You die...

#.##.#.#
#########
#.....<#
.......<#
########
##########
..# #o#
#o# #.#
#.# #@#
#.########
#........#
#........#
#........#
#........#
#........#
#........#
##.......#


You could see 2 orc wizards.

Vanquished Creatures
  3 adders
  A worm (D:3)
  A dart slug (D:1)
  2 giant geckos
  An orc (D:3)
  A giant cockroach (D:1)
  4 hobgoblins
  2 jackals (D:4)
  5 kobolds
  3 quokkas
  3 bats
  3 giant newts
  6 goblins
  3 rats (D:1)
38 creatures vanquished.

Notes
Turn   | Place    | Note
--------------------------------------------------------------
     0 | D:1      | juanjsm the Spriggan Enchanter began the quest for the Orb.
     0 | D:1      | Reached XP level 1. HP: 9/9 MP: 5/5
   375 | D:1      | Reached XP level 2. HP: 13/13 MP: 6/6
   379 | D:1      | Learned a level 2 spell: Ensorcelled Hibernation
   931 | D:2      | Reached skill level 5 in Stealth
   931 | D:2      | Reached XP level 3. HP: 15/16 MP: 0/8
  1306 | D:2      | Reached skill level 6 in Stealth
  1380 | D:3      | Found a glowing silver altar of Zin.
  1411 | D:3      | Found a shimmering altar of Xom.
  1540 | D:3      | Reached XP level 4. HP: 6/21 MP: 1/9
  1848 | D:3      | Killed from afar by an orc wizard

Skill      XL: |  1  2  3 |
---------------+----------+-----
Stealth        | 5 6 |  6.4
Hexes          | 4 |  4.1
Short Blades   | |  1.8
Dodging        | |  3.4
Spellcasting   | |  2.9

Action                   |  1- 3 |  4- 6 || total
-------------------------+-------+-------++-------
Melee: Dagger            |    59 |    15 ||    74
 Cast: Corona            |     3 |       ||     3
       Ensorcelled Hiber |    14 |     5 ||    19
 Stab: Sleeping          |    31 |     2 ||    33
Armor: Robe              |     3 |       ||     3
Dodge: Dodged            |    25 |     7 ||    32
